 Dungeon Crawl Stone Soup version 0.32-a0-338-g4f8ebfe289 (webtiles) character file.

Game seed: 3594854215003452371

60368 xsansara the Severer (level 14, -1/129 HPs)
             Began as a Minotaur Fighter on Feb 17, 2024.
             Was a High Priest of Okawaru.
             Slain by a +1 battleaxe of chaos (26 damage)
             ... on level 5 of the Lair of Beasts.
             The game lasted 01:09:43 (15064 turns).

xsansara the Severer (Minotaur Fighter)            Turns: 15064, Time: 01:09:43

Health: -1/129     AC: 22    Str: 26    XL:     14   Next: 56%
Magic:  16/18      EV: 10    Int:  5    God:    Okawaru [*****.]
Gold:   299        SH: 13    Dex: 10    Spells: 11/13 levels left

rFire   . . .        a - +0 war axe
rCold   . . .        D - +0 kite shield
rNeg    . . .        i - +2 chain mail {Will+}
rPois   .            (helmet restricted)
rElec   .            v - scarf {repulsion}
rCorr   .            P - +0 pair of gloves
SInv    .            (no boots)
Will    ++...        O - amulet of regeneration Stlth
                     T - +4 ring of slaying
HPRegen 1.21/turn    Q - +4 ring of protection
MPRegen 0.16/turn

%: repel missiles
@: mighty, heroic, weakened, slowed, very slow
A: horns 2, retaliatory headbutt
a: Renounce Religion, Heroism, Finesse, Duel


You were on level 5 of the Lair of Beasts.
You worshipped Okawaru.
Okawaru was extremely pleased with you.
You visited 3 branches of the dungeon, and saw 15 of its levels.
You also visited: Volcano.

You collected 1111 gold pieces.
You spent 812 gold pieces at shops.

Inventory:

Hand Weapons
 a - a +0 war axe (weapon)
 d - a +2 battleaxe of electrocution
 e - a +2 morningstar of flaming
 y - the +2 morningstar "Fuduakh" {drain, rElec Str+2 Dex+3}
   (You found it on level 5 of the Dungeon)

   Str+2:     It affects your strength (+2).
   Dex+3:     It affects your dexterity (+3).
   rElec:     It insulates you from electricity.
 C - the +6 rapier of Noeptoc {venom, rElec rN++ Int-2 Dex+3}
   (You found it on level 6 of the Dungeon)

   Int-2:     It affects your intelligence (-2).
   Dex+3:     It affects your dexterity (+3).
   rElec:     It insulates you from electricity.
   rN++:      It greatly protects you from negative energy.
Missiles
 h - 2 boomerangs
 n - 9 silver javelins
 F - 28 poisoned darts
 G - 3 datura-tipped darts
 H - 5 atropa-tipped darts
 X - a curare-tipped dart
 Z - 4 javelins
Armour
 i - a +2 chain mail of willpower (worn)
 v - a scarf of repulsion (worn)
 D - a +0 kite shield (worn)
 K - +0 acid dragon scales
 P - a +0 pair of gloves (worn)
 V - a +2 chain mail of fire resistance
 W - +0 steam dragon scales
Jewellery
 c - a +5 ring of evasion
 A - a ring of flight
 O - an amulet of regeneration (around neck)
 Q - a +4 ring of protection (right hand)
 R - a ring of protection from cold
 T - a +4 ring of slaying (left hand)
Wands
 t - a wand of flame (55)
 N - a wand of iceblast (6) (quivered)
 U - a wand of mindburst (5)
 Y - a wand of paralysis (14)
Scrolls
 g - 5 scrolls of teleportation
 j - a scroll of torment
 o - 2 scrolls of revelation
 u - a scroll of silence
 B - 4 scrolls of fog
 J - a scroll of enchant weapon
 L - a scroll of enchant armour {unknown}
 M - a scroll of butterflies {unknown}
 S - 3 scrolls of fear
Potions
 b - 2 potions of ambrosia
 f - a potion of heal wounds
 k - 3 potions of cancellation
 p - 6 potions of curing
 q - 4 potions of invisibility
 r - 3 potions of mutation
 s - 3 potions of enlightenment
 w - 3 potions of haste
 x - 5 potions of attraction
 z - 2 potions of might
 E - a potion of resistance
 I - a potion of berserk rage


   Skills:
 + Level 13.4(18.4) Fighting
 - Level 18.0(23.0) Axes
 - Level 5.0(10.0) Throwing
 + Level 13.4(18.4) Armour
 + Level 13.1(18.1) Shields
 + Level 6.9 Invocations


You had 11 spell levels left.
You knew the following spells:

 Your Spells              Type           Power      Damage    Failure   Level
a - Blink                 Tloc           0%         N/A       96%         2

Your spell library contained the following spells:

 Spells                   Type           Power      Damage    Failure   Level
 Magic Dart               Conj           0%         1d3       89%         1
 Lesser Beckoning         Tloc           0%         N/A       96%         2
 Momentum Strike          Conj/Tloc      0%         3d8       96%         2
 Hailstorm                Conj/Ice       0%         3d5       99%         3
 Inner Flame              Hex/Fire       0%         N/A       99%         3
 Stone Arrow              Conj/Erth      0%         3d7       99%         3
 Volatile Blastmotes      Fire/Tloc      0%         2d10      99%         3
 Dimensional Bullseye     Hex/Tloc       0%         N/A       100%        4
 Flame Wave               Conj/Fire      0%         2d4       100%        4
 Fulminant Prism          Conj/Alch      0%         3d5       100%        4
 Iskenderun's Mystic Bla  Conj/Tloc      0%         2d3       100%        4
 Passage of Golubria      Tloc           0%         N/A       100%        4
 Sticky Flame             Fire/Alch      0%         2d4       100%        4
 Silence                  Hex/Air        0%         N/A       100%        5
 Lehudib's Crystal Spear  Conj/Erth      0%         10d2      100%        8
 Chain Lightning          Conj/Air       0%         N/A       100%        9
 Fire Storm               Conj/Fire      0%         5d1       100%        9
 Shatter                  Erth           0%         3d5*      100%        9
 Call Imp                 Summ           Unusable   N/A       N/A         2
 Summon Ice Beast         Ice/Summ       Unusable   N/A       N/A         3
 Tukima's Dance           Hex            Unusable   N/A       N/A         3
 Animate Armour           Summ/Erth      Unusable   N/A       N/A         4
 Sculpt Simulacrum        Ice/Alch       Unusable   N/A       N/A         6

Dungeon Overview and Level Annotations

Branches:
Dungeon (9/15)             Temple (1/1) D:5            Lair (5/5) D:8
 Shoals (0/4) Lair:2       Spider (0/4) Lair:2        Slime (0/5) Lair:4
Volcano (visited)
    Orc: D:9-12

Altars:
Ashenzari
Cheibriados
Dithmenos
Elyvilon
Fedhas
Gozag
Hepliaklqana
Kikubaaqudgha
Makhleb
Nemelex Xobeh
Okawaru
Qazlal
Sif Muna
Trog
Uskayaw
Vehumet
Wu Jian
Xom
Zin
The Shining One
Lugonu

Shops:
D:4 :   D:5 !

Portals:
Abyss: Lair:5

Annotations:
Lair:1 1 runed translucent door, temujin's ghost, journeyman MDFi
Lair:5 makewrite's ghost, journeyman MiFi


Innate Abilities, Weirdness & Mutations

You have a pair of horns on your head.
You reflexively headbutt those who attack you in melee.


Message History

The +1 battleaxe of chaos hits you but does no damage.
You feel yourself slow down.
You miss the +1 battleaxe of chaos. You headbutt the +1 battleaxe of chaos!
The +1 battleaxe of chaos is severely damaged.
The +1 battleaxe of chaos hits you but does no damage.
You are poisoned.
You closely miss the +1 battleaxe of chaos.
Your headbutt misses the +1 battleaxe of chaos.
The +1 battleaxe of chaos is severely damaged.
You feel very sick.
The +1 battleaxe of chaos hits you but does no damage.
You barely miss the +1 battleaxe of chaos.
Your headbutt misses the +1 battleaxe of chaos.
The +1 battleaxe of chaos is severely damaged.
You feel sick. The +1 battleaxe of chaos hits you!
You are more poisoned.
The +1 battleaxe of chaos hits you!!
You are more poisoned.
You closely miss the +1 battleaxe of chaos.
The +1 battleaxe of chaos is severely damaged.
You feel extremely sick. The +1 battleaxe of chaos hits you!
You feel your attacks grow feeble. The +1 battleaxe of chaos hits you!!
* * * LOW HITPOINT WARNING * * *
You feel very mighty all of a sudden.
Blink to where?
Press: ? - help, Dir - move target
As you read the scroll of blinking, it crumbles to dust.
* * * LOW HITPOINT WARNING * * *
You feel extremely sick.
You feel better.
You fail to use your ability.
You gain the combat prowess of a mighty hero.
The +1 battleaxe of chaos barely misses you.
You miss the +1 battleaxe of chaos.
You headbutt the +1 battleaxe of chaos, but do no damage.
The +1 battleaxe of chaos is heavily damaged.
The +1 battleaxe of chaos hits you!!
You die...

#...........# ##................
#.....|.....####.....#.##........
#..................######....#...
##..........##.....# ##.....PPP..
...........##.....####..###...P..
.#P...........#..##.#...#.##.....
.P...÷÷..........###....'W.#.....
....÷...........#.P#.P..#?##.....
..............##@(.W....###......
.................................
.................................
.................................
.................................
..........................#P.....
..........................##.....
.......P...#.#............##..<.#
.................#.........^.....


You could see a +1 battleaxe of chaos and makewrite's ghost.

Vanquished Creatures
  Rupert (Lair:5)
  3 hydras
  Fannar (Lair:3)
  A catoblepas (Lair:5)
  A two-headed ogre (D:9)
  A boulder beetle (Lair:4)
  A death yak (Lair:5)
  4 thrashing horrors (Lair:5)
  Urug (Lair:2)
  A skyshark (Lair:5)
  3 lindwurms
  2 large abominations (Lair:5)
  Maurice (D:8)
  9 elephants
  2 torpor snails
  2 smoke demons (Lair:5)
  3 black mambas
  Jeremiah (D:9)
  12 cane toads
  4 molten gargoyles (Volcano)
  Maggie (D:7)
  3 rime drakes
  3 efreet (Volcano)
  11 komodo dragons
  2 kobold demonologists (D:9)
  2 polar bears
  2 raiju (Lair:5)
  Sigmund (D:2)
  12 blink frogs
  4 culicivoras (Lair:2)
  2 shadows
  2 ynoxinuls (Lair:5)
  2 wyverns
  3 spriggans
  40 yaks
  5 basilisks
  2 steam dragons
  3 fire elementals (Volcano)
  3 chaos spawn (Lair:5)
  Edmund (D:4)
  7 small abominations (Lair:5)
  2 acid dragons (D:9)
  12 water moccasins
  A sky beast (D:8)
  2 orc warriors
  2 ice beasts
  An ogre (D:6)
  12 wolves
  4 centaurs
  2 phantoms
  A kobold brigand (D:9)
  Blork the orc (D:4)
  17 bullfrogs
  3 scorpions
  2 earth elementals (Volcano)
  7 wights
  4 killer bees (D:9)
  4 howler monkeys
  6 jellies
  5 hounds
  2 bombardier beetles
  2 sleepcaps
  3 orc priests
  3 orc wizards
  Ijyb (D:4)
  2 human simulacra (D:8)
  Robin (D:2)
  13 adders
  A shadow imp (D:6)
  2 white imps (D:6)
  2 ufetubi (D:6)
  7 dart slugs
  4 ribbon worms
  24 orcs
  2 bats
  8 endoplasms
  2 giant cockroaches
  12 goblins
  10 hobgoblins
  5 jackals (D:2)
  5 quokkas
  4 ball pythons
  5 frilled lizards
  10 kobolds
  5 rats
388 creatures vanquished.

Vanquished Creatures (others)
  An orc wizard (D:3)
  An orc (D:7)
2 creatures vanquished.

Grand Total: 390 creatures vanquished

Notes
Turn   | Place    | Note
-------+----------+-------------------------------------------
     0 | D:1      | xsansara the Minotaur Fighter began the quest for the Orb.
     0 | D:1      | Reached XP level 1. HP: 19/19 MP: 0/0
    93 | D:1      | Reached XP level 2. HP: 27/27 MP: 1/1
   159 | D:1      | Reached skill level 3 in Axes
   464 | D:1      | Reached XP level 3. HP: 33/33 MP: 2/2
   864 | D:2      | Noticed Robin
   870 | D:2      | Reached XP level 4. HP: 34/40 MP: 3/3
   880 | D:2      | Reached skill level 4 in Axes
   893 | D:2      | Killed Robin
  1151 | D:2      | Noticed Sigmund
  1200 | D:2      | Killed Sigmund
  1201 | D:2      | Reached skill level 5 in Axes
  1201 | D:2      | Reached XP level 5. HP: 32/47 MP: 4/4
  1201 | D:2      | Reached XP level 6. HP: 37/55 MP: 5/5
  1306 | D:2      | Reached skill level 5 in Armour
  1383 | D:2      | Reached skill level 5 in Shields
  1656 | D:3      | Reached skill level 5 in Fighting
  1728 | D:3      | Found a faded altar of an unknown god.
  1854 | D:3      | Learned a level 2 spell: Blink
  2099 | D:4      | Found Fusam's Book Boutique.
  2290 | D:4      | Noticed Edmund
  2294 | D:4      | Killed Edmund
  2295 | D:4      | Reached skill level 6 in Axes
  2295 | D:4      | Reached XP level 7. HP: 56/61 MP: 6/6
  2404 | D:4      | You fall into a shaft and drop 1 floor!
  2404 | D:5      | Entered Level 5 of the Dungeon
  2697 | D:4      | Noticed Ijyb
  2703 | D:4      | Killed Ijyb
  3054 | D:4      | Noticed Blork the orc
  3061 | D:4      | Killed Blork the orc
  3062 | D:4      | Reached skill level 7 in Axes
  3309 | D:5      | Found Yvviro's Distillery.
  3317 | D:5      | Bought a potion of heal wounds for 70 gold pieces
  3317 | D:5      | Bought a potion of curing for 42 gold pieces
  3383 | D:5      | Reached XP level 8. HP: 70/70 MP: 7/7
  3470 | D:5      | Found a broken altar of Ashenzari.
  3503 | D:5      | Found a burning altar of Makhleb.
  3627 | D:5      | Found a staircase to the Ecumenical Temple.
  3636 | Temple   | Entered the Ecumenical Temple
  3671 | D:5      | Identified the +2 morningstar "Fuduakh" {drain, rElec Str+2
                  | Dex+3}
  4087 | D:5      | Reached skill level 8 in Axes
  4773 | D:6      | Found an iron altar of Okawaru.
  4787 | D:6      | Became a worshipper of Warmaster Okawaru
  4962 | D:6      | Identified the +6 rapier of Noeptoc {venom, rElec rN++
                  | Int-2 Dex+3}
  5380 | D:6      | Reached skill level 9 in Axes
  5734 | D:7      | Noticed Maggie
  5752 | D:7      | Reached XP level 9. HP: 36/79 MP: 8/8
  5764 | D:7      | Reached * piety under Okawaru
  5770 | D:7      | HP: 2/79 [Maggie/+2 morningstar of flaming (6)]
  5774 | D:7      | Killed Maggie
  6393 | D:8      | Found a staircase to the Lair.
  6546 | D:8      | Reached skill level 10 in Axes
  6987 | D:8      | Reached ** piety under Okawaru
  7191 | D:8      | Noticed Maurice
  7212 | D:8      | Killed Maurice
  7213 | D:8      | Reached skill level 1 in Invocations
  7498 | D:9      | Found a white marble altar of Elyvilon.
  7521 | D:9      | Noticed a two-headed ogre
  7539 | D:9      | Killed a two-headed ogre
  7540 | D:9      | Reached skill level 11 in Axes
  7540 | D:9      | Reached XP level 10. HP: 80/90 MP: 7/10
  7575 | D:9      | Noticed Jeremiah
  7695 | D:9      | Reached *** piety under Okawaru
  7850 | D:9      | Killed Jeremiah
  8245 | D:9      | Noticed an orange demon
  8251 | D:9      | Noticed a soul eater
  8257 | D:9      | Reached skill level 12 in Axes
  8511 | Lair:1   | Entered Level 1 of the Lair of Beasts
  8511 | Lair:1   | Noticed a cane toad
  8522 | Lair:1   | Killed a cane toad
  8522 | Lair:1   | Reached **** piety under Okawaru
  8555 | Lair:1   | Reached XP level 11. HP: 28/97 MP: 10/13
  8675 | Lair:1   | Reached ***** piety under Okawaru
  8762 | Lair:1   | Reached skill level 13 in Axes
  8894 | Lair:1   | Reached skill level 10 in Armour
  8943 | Lair:1   | Found a runed translucent door.
  8943 | Lair:1   | Found a shimmering altar of Xom.
  8943 | Lair:1   | Noticed temujin's ghost (journeyman MDFi)
  8946 | Lair:1   | Noticed a +2 scimitar of chaos
  9119 | Lair:1   | Reached skill level 10 in Fighting
  9126 | Lair:1   | Reached skill level 10 in Shields
  9291 | Lair:1   | Reached skill level 5 in Invocations
  9291 | Lair:1   | Received a gift from Okawaru
  9703 | Lair:2   | Reached skill level 14 in Axes
  9762 | Lair:2   | HP: 2/101 [culicivora (17)]
  9909 | Lair:2   | Reached skill level 1 in Throwing
 10119 | Lair:2   | Found a dark tunnel.
 10124 | Volcano  | Entered a volcano
 10154 | Volcano  | Noticed a lindwurm
 10154 | Volcano  | Noticed a lindwurm
 10162 | Volcano  | Reached XP level 12. HP: 103/108 MP: 14/14
 10510 | Volcano  | Received a gift from Okawaru
 10891 | D:5      | Bought a potion of experience for 700 gold pieces
 10891 | D:5      | Reached skill level 15 in Axes
 10891 | D:5      | Reached XP level 13. HP: 117/117 MP: 15/15
 11118 | Lair:2   | Noticed Urug
 11135 | Lair:2   | Killed Urug
 11220 | Lair:2   | Found a staircase to the Shoals.
 11301 | Lair:2   | Reached skill level 16 in Axes
 11578 | Lair:2   | Found a hole to the Spider Nest.
 11645 | Lair:3   | Noticed Fannar
 11665 | Lair:3   | Killed Fannar
 11842 | Lair:3   | Received a gift from Okawaru
 11874 | Lair:3   | Reached skill level 5 in Throwing
 12722 | Lair:4   | Found a staircase to the Slime Pits.
 13011 | Lair:4   | Received a gift from Okawaru
 13490 | Lair:5   | Entered Level 5 of the Lair of Beasts
 13536 | Lair:5   | Found a runed translucent door.
 13625 | Lair:5   | Noticed Rupert
 13648 | Lair:5   | Killed Rupert
 13649 | Lair:5   | Reached skill level 17 in Axes
 13649 | Lair:5   | Reached XP level 14. HP: 127/127 MP: 10/17
 13790 | Lair:5   | Received a gift from Okawaru
 13964 | Lair:5   | Found a shimmering altar of Xom.
 13964 | Lair:5   | Noticed makewrite's ghost (journeyman MiFi)
 14446 | Lair:5   | Received a gift from Okawaru
 14636 | Lair:5   | Reached skill level 18 in Axes
 14953 | Lair:5   | Found a corrupted altar of Lugonu.
 14953 | Lair:5   | Found a one-way gate to the infinite horrors of the Abyss.
 14969 | Lair:5   | Identified the staff of Tuttir {rPois Dex+4 Alchemy}
 15064 | Lair:5   | Slain by a +1 battleaxe of chaos

Illustrated notes

Levels and vault maps discovered:
D:1:      dpeg_arrival_renting, layout_loops_ring, st_stairs_8
D:2:      layout_loops_ring, minivault_14, uniq_sigmund, uniq_robin
D:3:      layout_rooms, basic_ecumenical_altar, minmay_distorted
D:4:      layout_basic, serial_shops, nicolae_stop_n_shop_1, uniq_blork_the_orc,
          uniq_edmund, uniq_ijyb
D:5:      layout_layer_cave, mainiacjoe_overflow_24_doors,
          mainiacjoe_overflow_alcove_2, minmay_temple_entry_stoned_glass,
          serial_shops, nicolae_shop_pleasant_corner_grove,
          hangedman_minor_gate_pass
D:6:      layout_rooms, mainiacjoe_overflow_concentric_impassable
D:7:      layout_cave_pools, uniq_maggie
D:8:      layout_basic, lair_entry_dummy, nicolae_wwwww, bh_circular_ruins,
          uniq_maurice
D:9:      layout_long_grid, elyvilon_altar_5, uniq_jeremiah
Temple:   nicolae_temple_superstar
Lair:1:   layout_chaotic_city, ebering_ghost_xom,
          grunt_forest_large_clearing_hut
Lair:2:   layout_misc_corridors, minmay_shoals_entry_centaurs,
          hellmonk_spider_entry_life_and_decay, enter_volcano_4, minivault_11,
          uniq_urug
Lair:3:   layout_regular_city, uniq_fannar
Lair:4:   layout_regular_city, nicolae_slime_entry_slimehenge,
          serial_bayou_shore_b, grunt_megastairs_2, infiniplex_staircase_pool_2
Lair:5:   hellmonk_lair_end_abyssal_woods, layout_hall_layers,
          ebering_ghost_xom, nicolae_lair_yak_garden, uniq_rupert

Skill      XL: |  1  2  3  4  5  6  7  8  9 10 11 12 13 14 |
---------------+-------------------------------------------+-----
Axes           | 3 5 6 7 9 11 12 14 15 17 18 | 18.0
Fighting       | 4 5 6 7 8 9 10 11 12 13 | 13.4
Armour         | 4 5 6 7 8 9 10 11 12 13 | 13.4
Shields        | 4 5 6 7 8 9 10 11 12 13 | 13.1
Invocations    | 2 4 5 6 |  6.9
Throwing       | 1 4 5 |  5.0

Action                     |  1- 3 |  4- 6 |  7- 9 | 10-12 | 13-15 || total
---------------------------+-------+-------+-------+-------+-------++-------
  Melee: War axe           |    49 |   111 |   244 |   321 |   442 ||  1167
         Headbutt          |     3 |    12 |    49 |    78 |   127 ||   269
         Morningstar       |       |       |       |       |     8 ||     8
  Throw: Boomerang         |    17 |    47 |   106 |    34 |    33 ||   237
         Dart              |       |       |     4 |    17 |    25 ||    46
 Invoke: Heroism           |       |       |     2 |     7 |     6 ||    15
         Finesse           |       |       |       |       |     1 ||     1
  Evoke: Wand              |       |       |       |    13 |    16 ||    29
    Use: Potion            |       |     2 |     5 |     3 |     1 ||    11
         Scroll            |       |     1 |    11 |     7 |     8 ||    27
   Stab: Sleeping          |       |       |       |     1 |       ||     1
         Petrified         |       |       |       |       |     5 ||     5
 Armour: Scale mail        |    26 |    45 |       |       |       ||    71
         Chain mail        |       |    32 |   121 |    48 |   271 ||   472
         Acid dragon scale |       |       |    51 |   224 |       ||   275
  Dodge: Dodged            |    18 |    37 |    80 |    97 |   106 ||   338
         Repelled          |       |       |     2 |     2 |     1 ||     5
  Block: Buckler           |     7 |    19 |    38 |    77 |    13 ||   154
         Kite shield       |       |       |       |       |   188 ||   188

Table legend: (Time is in decaauts)
 A = Elapsed time spent in this place.
 B = Non-inter-level travel time spent in this place.
 C = Inter-level travel time spent in this place.
 D = Time resting spent in this place.
 E = Time spent auto-exploring this place.
 F = Levels seen in this place.
 G = Mean time per level.
                   A        B        C        D        E       F      G
               +--------+--------+--------+--------+--------+-----+--------+
         Total |  15041 |  14039 |   1002 |    718 |  10155 |  16 |  940.1 |
       Dungeon |   8817 |   8058 |    759 |    442 |   5947 |   9 |  979.7 |
        Temple |     21 |     21 |      0 |      0 |      0 |   1 |   21.0 |
          Lair |   5613 |   5370 |    243 |     48 |   4096 |   5 | 1122.6 |
       Volcano |    588 |    588 |      0 |    227 |    111 |   1 |  588.0 |
               +--------+--------+--------+--------+--------+-----+--------+

Top non-repeatable levels by time:
     D:5: 1571 daAuts
  Lair:5: 1513 daAuts
  Lair:1: 1181 daAuts
  Lair:2: 1108 daAuts
     D:8: 1093 daAuts
     D:9: 1035 daAuts
     D:4: 1022 daAuts
  Lair:4: 966 daAuts
     D:6: 897 daAuts
     D:2: 874 daAuts
  Lair:3: 843 daAuts
     D:7: 823 daAuts
     D:1: 784 daAuts
     D:3: 715 daAuts
 Volcano: 588 daAuts
